 Dungeon Crawl Stone Soup version 0.30.1-9-gdf580d7c3d (webtiles) character file.

Game seed: 90632462581137278

7422 lonewolfV2 the Cleaver (level 11, -5/107 HPs)
             Began as a Hill Orc Fighter on Oct 16, 2023.
             Was a Follower of Beogh.
             Slain by a death yak (7 damage)
             ... on level 10 of the Dungeon.
             The game lasted 00:20:53 (12878 turns).

lonewolfV2 the Cleaver (Hill Orc Fighter)          Turns: 12878, Time: 00:20:55

Health: -5/107     AC: 11    Str: 36    XL:     11   Next: 15%
Magic:  11/11      EV: 10    Int: 11    God:    Beogh [*.....]
Gold:   1387       SH:  6    Dex: 10    Spells: 10/10 levels left

rFire   . . .        a - +1 war axe
rCold   . . .        c - +1 buckler
rNeg    . . .        y - +1 scale mail "Ceuxt" {rPois rCorr Int+3}
rPois   +            (no helmet)
rElec   .            q - +2 cloak
rCorr   +            (no gloves)
SInv    .            (no boots)
Will    .....        (no amulet) Stlth
                     n - +6 ring of strength
HPRegen 0.37/turn    t - +6 ring of strength
MPRegen 0.12/turn

%: no passive effects
@: no status effects
A: no striking features
a: Renounce Religion


You were on level 10 of the Dungeon.
You worshipped Beogh.
Beogh was aware of your devotion.
You visited 1 branch of the dungeon, and saw 11 of its levels.

You collected 1387 gold pieces.

Inventory:

Hand Weapons
 a - a +1 war axe (weapon)
Missiles
 o - 4 throwing nets (quivered)
Armour
 b - a +0 scale mail
 c - a +1 buckler (worn)
 q - a +2 cloak (worn)
 y - the +1 scale mail "Ceuxt" (worn) {rPois rCorr Int+3}
   (You found it on level 9 of the Dungeon)

   Int:       It affects your intelligence (+3).
   rPois:     It protects you from poison.
   rCorr:     It protects you from acid and corrosion.
Jewellery
 j - a +4 ring of slaying
 n - a +6 ring of strength (left hand)
 t - a +6 ring of strength (right hand)
 D - a ring of poison resistance
Wands
 p - a wand of roots (3)
 E - a wand of mindburst (7)
Scrolls
 g - a scroll of magic mapping
 h - 2 scrolls of immolation
 m - 9 scrolls of identify
 r - 2 scrolls of vulnerability
 s - 2 scrolls of teleportation
 v - 2 scrolls of noise
 w - a scroll of butterflies
 x - a scroll of enchant weapon
 A - a scroll of blinking
Potions
 d - 2 potions of might
 e - 2 potions of lignification
 f - 3 potions of mutation
 i - 2 potions of cancellation
 k - a potion of degeneration
 l - a potion of magic
 u - a potion of flight
 B - 2 potions of haste


   Skills:
 - Level 13.2 Fighting
 - Level 14.0 Axes
 + Level 4.0 Armour
 + Level 8.4 Shields


You had 10 spell levels left.
You didn't know any spells.
Your spell library contained the following spells:

 Spells                   Type           Power      Damage    Failure   Level
 Apportation              Tloc           0%         N/A       56%         1
 Magic Dart               Conj           0%         1d3       56%         1
 Necrotise                Necr           0%         1d4       56%         1
 Summon Small Mammal      Summ           0%         N/A       56%         1
 Call Imp                 Summ           0%         N/A       71%         2
 Sublimation of Blood     Necr           0%         N/A       71%         2
 Gell's Gravitas          Tloc           0%         N/A       91%         3
 Hailstorm                Conj/Ice       0%         3d3       91%         3
 Ignite Poison            Fire/Tmut/Pois 0%         N/A       91%         3
 Mephitic Cloud           Conj/Pois/Air  0%         N/A       91%         3
 Teleport Other           Tloc           0%         N/A       91%         3
 Ice Form                 Ice/Tmut       0%         N/A       100%        4
 Petrify                  Tmut/Erth      0%         N/A       100%        4
 Sticky Flame             Conj/Fire      0%         2d3       100%        4
 Irradiate                Conj/Tmut      0%         3d11      100%        5
 Summon Forest            Summ/Tloc      0%         N/A       100%        5
 Summon Mana Viper        Hex/Summ       0%         N/A       100%        5
 Dispersal                Tloc           0%         N/A       100%        6
 Simulacrum               Ice/Necr       0%         N/A       100%        6
 Summon Cactus Giant      Summ           0%         N/A       100%        6
 Ignition                 Fire           0%         3d3       100%        8


Dungeon Overview and Level Annotations

Branches:
Dungeon (11/15)            Temple (0/1) D:7            Lair (0/5) D:10
    Orc (0/2) D:10

Altars:
Gozag
Kikubaaqudgha
Makhleb
Zin

Shops:
D:6 ?   D:10 ?


Message History

The death yak gores you but does no damage.
Unknown command.
You slash the death yak!
The death yak is severely wounded.
You hit the death yak but do no damage. x2; The death yak barely misses you.
The death yak gores you. The death yak barely misses you.
You slash the death yak!
The death yak is almost dead.
You barely miss the death yak. x2; The death yak gores you!!
The death yak gores you. The death yak gores you!!
* * * LOW HITPOINT WARNING * * *
Unknown command.
You hit the death yak.
The death yak is almost dead.
You slash the death yak! You hit the death yak. The death yak gores you.
* * * LOW HITPOINT WARNING * * *
The death yak barely misses you. The death yak gores you!
* * * LOW HITPOINT WARNING * * *
Blink to where?
Press: ? - help, Q - select action, (/) - cycle Dir - move target
As you read the scroll of blinking, it crumbles to dust.
You climb downwards.
The vampire mosquito buzzes angrily. x2; The cyclops shouts!
There is a stone staircase leading up here.
Aiming: Fastroot
Press: ? - help, Q - select action, (/) - cycle Shift-Dir - straight line The roots erupt in riotous growth!
Roots grab the vampire mosquito.
Roots grab the cyclops.
The grasping roots constrict the vampire mosquito!
The grasping roots constrict the cyclops.
The vampire mosquito struggles to escape constriction.
The roots release their grip on the vampire mosquito.
The roots release their grip on the cyclops.
The vampire mosquito bites you!
* * * LOW HITPOINT WARNING * * *
The vampire mosquito draws strength from your injuries!
The vampire mosquito barely misses you. x2
You climb upwards.
The death yak gores you!
You die...

#.................##.######
................#..........
#.........................
###.......................
###..............#...#..
###.Y.#..........>..#. ####
###......#.......... #..###
#Y................ ##....#
##@.....#..........
#.....###Y......#.#(#......
#.....##..........######.##
#...y.##.......... #.##
#.....#...(...#... #...
#..<.#.......#.... ####
#..........##...##
#...#.....## ..##
#..#.....## .##


You could see 3 death yaks.

Vanquished Creatures
  A two-headed ogre (D:8)
  Pikel (D:6)
  An unseen horror (D:9)
  A kobold demonologist (D:6)
  A troll (D:10)
  A hornet (D:8)
  13 yaks
  A wyvern (D:9)
  3 steam dragons
  An acid dragon (D:7)
  A water moccasin (D:9)
  An orc warrior (D:10)
  4 ice beasts
  An ogre (D:6)
  A black bear (D:6)
  A sky beast (D:6)
  A phantom (D:5)
  3 bullfrogs
  6 kobold brigands
  2 scorpions
  A gnoll sergeant (D:6)
  4 wights
  5 killer bees (D:10)
  2 howler monkeys (D:8)
  4 hounds
  2 gnoll boudas
  3 jellies
  Crazy Yiuf (D:3)
  4 iguanas
  A sleepcap (D:7)
  4 orc wizards
  Robin (D:3)
  15 gnolls
  6 adders
  2 shadow imps
  3 ufetubi
  2 worms (D:3)
  A dart slug (D:1)
  12 orcs
  19 bats
  13 endoplasms
  7 giant cockroaches
  19 goblins
  12 hobgoblins
  4 jackals (D:1)
  40 kobolds
  2 quokkas
  8 ball pythons
  3 frilled lizards (D:1)
  7 rats
252 creatures vanquished.

Vanquished Creatures (others)
  An orc priest (D:9)
  An orc wizard (D:9)
  4 orcs (D:9)
6 creatures vanquished.

Grand Total: 258 creatures vanquished

Notes
Turn   | Place    | Note
-------+----------+-------------------------------------------
     0 | D:1      | lonewolfV2 the Hill Orc Fighter began the quest for the
                  | Orb.
     0 | D:1      | Reached XP level 1. HP: 19/19 MP: 1/1
    39 | D:1      | Reached XP level 2. HP: 24/27 MP: 2/2
    40 | D:1      | Reached skill level 3 in Axes
   508 | D:1      | Reached XP level 3. HP: 33/33 MP: 3/3
   958 | D:2      | Found a faded altar of an unknown god.
  1084 | D:2      | Reached XP level 4. HP: 41/41 MP: 4/4
  1158 | D:2      | Reached skill level 4 in Axes
  1802 | D:3      | Found a runed translucent door.
  1803 | D:3      | Noticed Crazy Yiuf
  1958 | D:3      | Reached skill level 5 in Fighting
  2082 | D:3      | Reached XP level 5. HP: 48/48 MP: 5/5
  2156 | D:3      | Noticed Robin
  2173 | D:3      | Killed Robin
  2524 | D:3      | Killed Crazy Yiuf
  2525 | D:3      | Reached skill level 5 in Axes
  3176 | D:4      | Reached XP level 6. HP: 57/57 MP: 6/6
  3870 | D:5      | Entered Level 5 of the Dungeon
  3970 | D:5      | Reached skill level 6 in Axes
  4262 | D:5      | You fall into a shaft and drop 1 floor!
  4277 | D:6      | Noticed a black bear
  4284 | D:6      | Killed a black bear
  4285 | D:6      | Reached XP level 7. HP: 62/64 MP: 7/7
  4297 | D:6      | Reached skill level 7 in Axes
  4652 | D:5      | Found an opulent altar of Gozag.
  4702 | D:5      | Found a burning altar of Makhleb.
  4704 | D:5      | Noticed a steam dragon
  4712 | D:5      | Killed a steam dragon
  4713 | D:5      | Reached skill level 8 in Axes
  4713 | D:5      | Reached XP level 8. HP: 43/74 MP: 8/8
  5180 | D:6      | Noticed Pikel
  5197 | D:6      | Killed Pikel
  5198 | D:6      | Reached skill level 9 in Axes
  5604 | D:6      | Reached skill level 10 in Axes
  5933 | D:6      | Reached skill level 10 in Fighting
  5933 | D:6      | Reached XP level 9. HP: 85/85 MP: 9/9
  6001 | D:6      | Found Moskiwell's Magic Scroll Boutique.
  6001 | D:6      | Noticed a kobold demonologist
  6015 | D:6      | Noticed an ice devil
  6022 | D:6      | Killed a kobold demonologist
  6023 | D:6      | Reached skill level 11 in Axes
  6931 | D:7      | Found an ancient bone altar of Kikubaaqudgha.
  7150 | D:7      | Found a staircase to the Ecumenical Temple.
  7378 | D:7      | Found a flagged portal.
  7719 | D:7      | Identified a scroll of acquirement
  7719 | D:7      | Acquired 811 gold pieces
  7732 | D:8      | Noticed a two-headed ogre
  7742 | D:8      | Killed a two-headed ogre
  7743 | D:8      | Reached skill level 12 in Axes
  7743 | D:8      | Reached skill level 5 in Shields
  7743 | D:8      | Reached XP level 10. HP: 24/97 MP: 10/10
  9448 | D:9      | Identified the +1 scale mail "Ceuxt" {rPois rCorr Int+3}
  9665 | D:9      | Reached skill level 13 in Axes
  9956 | D:9      | Became a worshipper of Beogh the Brigand
 10029 | D:9      | Killed an unseen horror
 10861 | D:9      | Found a glowing silver altar of Zin.
 10927 | D:9      | Reached * piety under Beogh
 11287 | D:10     | Entered Level 10 of the Dungeon
 11304 | D:10     | Noticed a death yak
 11304 | D:10     | Noticed a death yak
 11304 | D:10     | Noticed a death yak
 11305 | D:10     | Noticed a death yak
 11316 | D:10     | Noticed a death yak
 11824 | D:10     | Found Dethim's Magic Scroll Shoppe.
 11887 | D:10     | Found a staircase to the Orcish Mines.
 12216 | D:10     | Reached XP level 11. HP: 102/107 MP: 11/11
 12244 | D:10     | Reached skill level 14 in Axes
 12592 | D:10     | Found a staircase to the Lair.
 12860 | D:10     | Noticed a death yak
 12875 | D:11     | Noticed a cyclops
 12877 | D:11     | HP: 1/107 [vampire mosquito (8)]
 12878 | D:10     | Slain by a death yak

Illustrated notes

Levels and vault maps discovered:
D:1:      sevenhm_arrival_forest_fort_small_5, layout_rooms,
          serial_corexii_hall, corexii_hall_statues_t,
          chequers_hall_statues_wall_a, minmay_misc_feat_rugged,
          nicolae_concentric_dashed_squares_wild
D:2:      layout_loops_ring, chequers_ecumenical_altar_simple_redux
D:3:      minmay_recursive_quarters, layout_rooms, kennysheep_nondescript,
          roderic_batcave, uniq_crazy_yiuf_cottage, uniq_robin
D:4:      layout_cave_pods
D:5:      layout_cave_pods, nicolae_gozag_seed_capital, lemuel_tele_altar,
          corexii_leaking_fountain
D:6:      layout_basic, nicolae_overflow_hidden_temple, serial_shops,
          nicolae_shop_just_a_little_nook, minmay_misc_feat_more_columns,
          uniq_pikel
D:7:      layout_loops_ring, kennysheep_little_box, temple_statues,
          enter_bailey_3, serial_rivers, chequers_serial_rivers_small_b,
          chequers_serial_rivers_micro_d, chequers_serial_rivers_micro_c,
          chequers_serial_rivers_marsh, chequers_serial_rivers_large_b
D:8:      layout_basic
D:9:      layout_basic, mainiacjoe_overflow_paths, minmay_increasing_density
D:10:     layout_cave_pods, mainiacjoe_overflow_catwalk, dpeg_lair_monsters,
          orc_0_dummy, serial_shops, nicolae_shop_waterfront, minivault_5
D:11:     layout_cave_pods, grunt_livestock

Skill      XL: |  1  2  3  4  5  6  7  8  9 10 11 |
---------------+----------------------------------+-----
Axes           | 3 4 5 6 8 10 12 13 14 | 14.0
Fighting       | 4 5 6 8 10 11 13 | 13.2
Shields        | 5 7 8 |  8.4
Armour         | 4 |  4.0

Action                     |  1- 3 |  4- 6 |  7- 9 | 10-12 || total
---------------------------+-------+-------+-------+-------++-------
  Melee: War axe           |   129 |   141 |   157 |   237 ||   664
 Invoke: Convert to Beogh  |       |       |       |     1 ||     1
  Evoke: Wand              |       |       |     2 |     1 ||     3
    Use: Scroll            |     5 |    11 |     5 |     4 ||    25
         Potion            |       |       |     1 |     4 ||     5
 Armour: Scale mail        |    89 |    82 |    74 |    99 ||   344
  Dodge: Dodged            |    69 |    78 |    62 |    97 ||   306
  Block: Buckler           |    33 |    47 |    49 |    64 ||   193
